 Dungeon Crawl Stone Soup version 0.28-a0-938-gbc3f381ebc (webtiles) character file.

Game seed: 629769931611388572

87 ytrimaz the Covered (level 4, -1/37 HPs)
             Began as a Formicid Fighter on Nov 29, 2021.
             Succumbed to an orc's poison
             ... on level 3 of the Dungeon.
             The game lasted 00:04:14 (2035 turns).

ytrimaz the Covered (Formicid Fighter)              Turns: 2035, Time: 00:04:14

Health: -1/37      AC:  7    Str: 22    XL:     4   Next: 80%
Magic:  4/4        EV:  9    Int:  7    God:
Gold:   46         SH:  4    Dex: 10    Spells: 3/3 levels left

rFire   . . .      SeeInvis +   a - +0 war axe
rCold   . . .      Faith    .   c - +0 buckler
rNeg    . . .      Spirit   .   b - +0 scale mail
rPois   .          Reflect  .   (helmet unavailable)
rElec   .          Harm     .   (no cloak)
rCorr   .          Rampage  .   (no gloves)
Will    .....                   (no boots)
Stlth   ..........              (no amulet)
HPRegen 0.12/turn               (no ring)
MPRegen 0.09/turn               (no ring)

@: lethally poisoned (-1 -> -9), attractive
A: permanent stasis, dig shafts and tunnels, antennae 3, four strong arms
a: Dig, Shaft Self


You were on level 3 of the Dungeon.
You visited 1 branch of the dungeon, and saw 3 of its levels.

You collected 46 gold pieces.

Inventory:

Hand Weapons
 a - a +0 war axe (weapon)
Armour
 b - a +0 scale mail (worn)
 c - a +0 buckler (worn)
 f - a +3 leather armour
Scrolls
 d - a scroll of enchant weapon
 h - 4 scrolls of amnesia
 k - a scroll of vulnerability
Potions
 e - a potion of lignification {unknown}


   Skills:
 + Level 3.9 Fighting
 + Level 3.0 Axes
 + Level 4.2 Armour
 + Level 4.0 Shields


You had 3 spell levels left.
You didn't know any spells.
Your spell library was empty.

Dungeon Overview and Level Annotations

Branches:
Dungeon (3/15)

Altars:

Shops:
D:2 (


Innate Abilities, Weirdness & Mutations

You cannot be hasted, slowed, berserked, paralysed or teleported.
You can dig through walls and to a lower floor.
You have a pair of large antennae on your head. (SInv)
Your four strong arms can wield two-handed weapons with a shield.


Message History

You kill the endoplasm!
You barely miss the orc. The orc hits you with a +0 flail.
The orc barely misses you.
You hit the orc but do no damage. The orc closely misses you.
You slash the orc!
You kill the orc!
Items here: )) [[ †††.
f - a +3 leather armour An orc comes into view.
It is wielding a +1 dagger of venom.
The orc shouts!
You hear a shout!
There is a stone staircase leading down here.
An orc is nearby!
An orc is nearby!
Unknown command.
An orc comes into view. It is wielding a +0 short sword.
You closely miss the orc. The orc hits you but does no damage.
You are poisoned.
The teleport trap disappears.
The orc disappears!
The orc hits you with a +1 dagger of venom.
You are more poisoned.
You hit the orc.
The orc is heavily wounded.
You feel very sick.
The orc hits you with a +1 dagger of venom.
You are lethally poisoned!
You hit the orc.
You kill the orc!
* * * LOW HITPOINT WARNING * * *
You feel very sick.
* * * LOW HITPOINT WARNING * * *
You feel very sick.
You see here a +1 dagger of venom.
Unknown command.
It was a potion of attraction.
You feel attractive to monsters.
* * * LOW HITPOINT WARNING * * *
You feel very sick.
It was a potion of berserk rage.
Your stasis prevents you from going berserk.
You die...

..#.#
#####.#.#######
...............
...............
...............
............#
.....#..(...###
.......@......#
######..#.....#
#..#.....#
######..#.....#
.......>))....#
#########.....#
#..#+## #..#
######..#


There were no monsters in sight!

Vanquished Creatures
  Terence (D:2)
  A gnoll (D:1)
  An adder (D:2)
  6 orcs (D:3)
  2 ball pythons
  3 endoplasms
  A giant cockroach (D:2)
  3 goblins (D:1)
  6 hobgoblins (D:1)
  5 bats
  2 frilled lizards
  2 kobolds
  5 rats
38 creatures vanquished.

Notes
Turn   | Place    | Note
-------+----------+-------------------------------------------
     0 | D:1      | ytrimaz the Formicid Fighter began the quest for the Orb.
     0 | D:1      | Reached XP level 1. HP: 18/18 MP: 1/1
   124 | D:1      | Reached XP level 2. HP: 24/24 MP: 2/2
   540 | D:1      | Reached XP level 3. HP: 24/29 MP: 3/3
   838 | D:1      | Found a faded altar of an unknown god.
  1187 | D:2      | Noticed Terence
  1200 | D:2      | Killed Terence
  1201 | D:2      | Reached XP level 4. HP: 13/37 MP: 4/4
  1442 | D:2      | Found Resomm's Weapon Shoppe.
  2034 | D:3      | HP: 1/37 [poisoned by an orc]
  2035 | D:3      | Succumbed to an orc's poison

Illustrated notes

Levels and vault maps discovered:
D:1:      dpeg_arrival_signposts, layout_loops_ring,
          shapermc_ecumenical_altar_ellora
D:2:      layout_loops_ring, serial_shops, nicolae_shop_behind_doors,
          uniq_terence
D:3:      layout_basic, minmay_door_square, chequers_mini_garden

Skill      XL: |  1  2  3  4 |
---------------+-------------+-----
Shields        | 4 |  4.0
Armour         | 4 |  4.2
Axes           | 3 |  3.0
Fighting       | |  3.9

Action                   |  1- 3 |  4- 6 || total
-------------------------+-------+-------++-------
Melee: War axe           |    85 |    36 ||   121
  Use: Potion            |     1 |     2 ||     3
       Scroll            |       |     4 ||     4
Armor: Scale mail        |    47 |    23 ||    70
Dodge: Dodged            |    39 |    17 ||    56
Block: Buckler           |    13 |     7 ||    20

Table legend: (Time is in decaauts)
 A = Elapsed time spent in this place.
 B = Non-inter-level travel time spent in this place.
 C = Inter-level travel time spent in this place.
 D = Time resting spent in this place.
 E = Time spent auto-exploring this place.
 F = Levels seen in this place.
 G = Mean time per level.
                   A        B        C        D        E       F      G
               +--------+--------+--------+--------+--------+-----+--------+
         Total |   2081 |   2000 |     81 |      0 |   1651 |   3 |  693.7 |
       Dungeon |   2081 |   2000 |     81 |      0 |   1651 |   3 |  693.7 |
               +--------+--------+--------+--------+--------+-----+--------+

Top non-repeatable levels by time:
     D:1: 1208 daAuts
     D:2: 841 daAuts
     D:3: 31 daAuts
